 Dungeon Crawl Stone Soup version 0.20.1-1-g8b1a95d (webtiles) character file.

186 Linguinho the Digger (level 5, -2/28 HPs)
             Began as a Gargoyle Earth Elementalist on Oct 31, 2017.
             Slain by an orc
             ... wielding a +0 trident
              (3 damage)
             ... on level 3 of the Dungeon.
             The game lasted 00:07:23 (2200 turns).

Linguinho the Digger (Gargoyle Earth Elementalist)  Turns: 2200, Time: 00:07:23

Health: -2/28      AC:  6    Str: 17    XL:     5   Next: 66%
Magic:  1/9        EV: 12    Int: 16    God:
Gold:   96         SH:  0    Dex: 10    Spells: 4/10 levels left

rFire    . . .     SeeInvis .   f - -3 club (curse)
rCold    . . .     Gourm    .   (no shield)
rNeg     + . .     Faith    .   c - +0 robe
rPois    ∞         Spirit   .   (no helmet)
rElec    +         Reflect  .   (no cloak)
rCorr    .         Harm     .   (no gloves)
MR       .....                  (no boots)
Stlth    ++........             (no amulet)
Regen    0.1/turn               (no ring)
MPRegen  0.2/turn               (no ring)

@: mighty
A: negative energy resistance 1, electricity resistance, unbreathing,
petrification resistance, rot immunity, AC +4
a: no special abilities


You were on level 3 of the Dungeon.
You were hungry.

You visited 1 branch of the dungeon, and saw 3 of its levels.

You collected 96 gold pieces.

Inventory:

Hand Weapons
 f - a cursed -3 club (weapon)
Missiles
 b - 41 stones (quivered)
Armour
 c - a +0 robe (worn)
Jewellery
 o - an uncursed ring of protection from cold {unknown}
Wands
 t - a wand of confusion (19/48)
Scrolls
 a - 3 scrolls of remove curse {unknown}
 l - 3 scrolls of identify {unknown}
 n - 2 scrolls of enchant weapon {unknown}
 r - a scroll of random uselessness {unknown}
 s - a scroll of magic mapping {unknown}
Books
 e - a book of Geomancy

   Spells                             Type                      Level
   a - Sandblast                      Earth                        1
   b - Passwall                       Transmutation/Earth          2
   c - Stone Arrow                    Conjuration/Earth            3
   d - Petrify                        Transmutation/Earth          4
   e - Lee's Rapid Deconstruction     Earth                        5
Comestibles
 d - 4 bread rations
 i - 2 royal jellies
 m - a fruit
 p - a meat ration


   Skills:
 + Level 0.2 Fighting
 * Level 2.0 Maces & Flails
 + Level 1.8 Dodging
 + Level 2.7 Stealth
 + Level 3.2 Spellcasting
 + Level 0.7 Transmutations
 + Level 5.3 Earth Magic


You had 4 spell levels left.
You knew the following spells:

 Your Spells              Type           Power        Failure   Level  Hunger
a - Sandblast             Erth           ###...       1%          1    None
b - Passwall              Tmut/Erth      ##........   8%          2    ##.....
c - Stone Arrow           Conj/Erth      ##....       19%         3    ###....


Dungeon Overview and Level Annotations

Branches:
Dungeon (3/15)

Altars:


Innate Abilities, Weirdness & Mutations

You are resistant to torment.
Your stone body is resilient. (AC +4)
You are immune to poison.
You resist negative energy. (rN+)
You are resistant to electric shocks. (rElec)
You can survive without breathing.
You are immune to petrification.
You are immune to rotting.


Message History

* * * LOW HITPOINT WARNING * * *
Unknown command.
As you read the scroll labeled UMOADI QIFAAT, it crumbles to dust.
You hear a loud clanging noise!
It was a scroll of noise.
You hear a shout!
You hear an angry hiss.
You hear a bark!
You hear an angry hiss.
You hear a bark! x2; You hear a shout!
The orc hits you but does no damage.
As you read the scroll labeled TUS UWUFEHUE, it crumbles to dust.
It is a scroll of amnesia.
Forget which spell ([?*] list [ESC] exit)?
Forget which spell ([?*] list [ESC] exit)?
Forget which spell ([?*] list [ESC] exit)?
Forget which spell ([?*] list [ESC] exit)?
Okay, then.
The orc hits you but does no damage.
As you read the scroll labeled KUHOG RING, it crumbles to dust.
The scroll dissolves into smoke.
It was a scroll of fog.
The orc hits you from afar with a trident.
You die...

.............#......#..##.#
.#..........>....÷#.#.....#
##†###)#...............####
.)..#..............##o##
...................##)#
..#...............#.o.#
.............#...##.###
...#........#######.######
........#.....§§@§o......#.
......####...###§§o........
...#..## #.....§#§§........
...#.... ##.....#...#####..
...#..#..................#.
#..#..### #.....#...####.#
##....# #.......[.#
#.....## ###.......####...
.......#### #...#..........


You could see an orc priest and an orc.

Vanquished Creatures
  An orc priest (D:3)
  2 orc wizards (D:3)
  2 adders (D:3)
  2 oozes (D:2)
  2 worms (D:2)
  A dart slug (D:1)
  5 leopard geckos
  4 orcs (D:3)
  4 bats
  3 giant cockroaches
  4 goblins
  9 hobgoblins
  A jackal (D:3)
  10 kobolds
  7 frilled lizards
  6 rats
63 creatures vanquished.

Notes
Turn   | Place    | Note
-------+----------+-------------------------------------------
     0 | D:1      | Linguinho the Gargoyle Earth Elementalist began the quest for the Orb.
     0 | D:1      | Reached XP level 1. HP: 10/10 MP: 3/3
   280 | D:1      | Reached skill level 4 in Earth Magic
   280 | D:1      | Reached XP level 2. HP: 11/15 MP: 3/5
   898 | D:1      | Reached XP level 3. HP: 12/19 MP: 3/6
  1297 | D:2      | Learned a level 2 spell: Passwall
  1301 | D:2      | Learned a level 3 spell: Stone Arrow
  1325 | D:2      | Reached skill level 1 in Maces & Flails
  1461 | D:2      | Reached XP level 4. HP: 7/24 MP: 0/7
  2120 | D:3      | Reached XP level 5. HP: 26/28 MP: 6/9
  2166 | D:3      | Reached skill level 5 in Earth Magic
  2196 | D:3      | HP: 1/28 [orc/trident (1)]
  2200 | D:3      | Slain by an orc

Skill      XL: |  1  2  3  4  5 |
---------------+----------------+-----
Earth Magic    | 4 5 |  5.3
Maces & Flails | 1 2 |  2.0
Spellcasting   | 3 |  3.2
Fighting       | |  0.2
Dodging        | |  1.8
Stealth        | |  2.7
Transmutations | |  0.7

Action                   |  1- 3 |  4- 6 || total
-------------------------+-------+-------++-------
Melee: Unarmed           |    19 |       ||    19
       Club              |    45 |    11 ||    56
 Cast: Sandblast         |    42 |    45 ||    87
  Use: Scroll            |       |     3 ||     3
       Potion            |       |     1 ||     1
 Stab: Sleeping          |     1 |       ||     1
  Eat: Chunk             |     2 |     2 ||     4
Armor: Robe              |    28 |    13 ||    41
Dodge: Dodged            |    92 |    19 ||   111
